 Dungeon Crawl Stone Soup version 0.26.1-11-gd32895ea62 (webtiles) character file.

Game seed: 8301501967089224895

19210 Almogavar the Carver (level 12, -9/95 HPs)
             Began as a Demonspawn Berserker on July 17, 2021.
             Was a High Priest of Trog.
             Mangled by an orc warrior
             ... wielding a +1 flail of holy wrath
             ... led by an orc warlord
              (12 damage)
             ... on level 2 of the Orcish Mines.
             The game lasted 00:45:29 (16539 turns).

Almogavar the Carver (Demonspawn Berserker)        Turns: 16539, Time: 00:45:29

Health: -9/95      AC: 23    Str: 28    XL:     12   Next: 34%
Magic:  0/5        EV: 14    Int:  9    God:    Trog [*****.]
Gold:   1488       SH:  0    Dex: 23    Spells: 11/11 levels left

rFire    . . .     SeeInvis .   Z - +7 demon blade (antimagic)
rCold    . . .     Faith    .   (no shield)
rNeg     . . .     Spirit   +   W - +3 chain mail
rPois    +         Reflect  .   F - +2 helmet
rElec    .         Harm     .   N - +1 cloak of the Bagpipe {-Tele rPois Will+ Dex+4}
rCorr    .         Rampage  .   (no gloves)
Will     +++..     NoTele   +   V - +0 pair of boots
Stlth    ..........             (no amulet)
HPRegen  1.25/turn              E - +6 ring of dexterity
MPRegen  0.09/turn              D - +6 ring of strength

@: berserk cooldown, regenerating, slowed, very slow
A: talons 2, slimy green scales 2, demonic guardian 1, magic shield
a: Renounce Religion, Berserk, Trog's Hand, Brothers in Arms


You were on level 2 of the Orcish Mines.
You worshipped Trog.
Trog was extremely pleased with you.
You visited 2 branches of the dungeon, and saw 12 of its levels.
You also visited: Bailey.

You collected 1488 gold pieces.

Inventory:

Hand Weapons
 f - a +1 hunting sling of flaming
 G - a +2 vorpal great sword
 X - a +3 falchion of freezing
 Z - a +7 antimagic demon blade (weapon)
Missiles
 i - 144 sling bullets
 j - 188 arrows
 p - 332 stones
 y - 106 bolts
Armour
 l - a +0 kite shield
 v - a +0 helmet of intelligence
 B - a +1 leather armour of fire resistance
 F - a +2 helmet (worn)
 I - a +0 plate armour
 J - the +12 plate armour of the Spider Nest {rCorr SInv}
   (You took it off an orc in a bailey)

   It lets you see invisible.
   It provides partial protection from all sources of acid and corrosion.
 N - the +1 cloak of the Bagpipe (worn) {-Tele rPois Will+ Dex+4}
   (You found it on level 6 of the Dungeon)

   It affects your dexterity (+4).
   It protects you from poison.
   It affects your willpower, your defense against some magical effects.
   It prevents most forms of teleportation.
 O - a +2 hat of intelligence
 V - a +0 pair of boots (worn)
 W - a +3 chain mail (worn)
Jewellery
 g - an uncursed ring of ice
 D - a +6 ring of strength (right hand)
 E - a +6 ring of dexterity (left hand)
 M - an uncursed ring of resist corrosion
 P - an uncursed ring of stealth
 T - a +6 ring of intelligence
 U - an uncursed ring of protection from cold {unknown}
Wands
 t - a wand of digging (6)
 u - a wand of polymorph (10)
 A - a wand of iceblast (20)
 R - a wand of acid (1)
Scrolls
 b - 6 scrolls of remove curse
 c - 5 scrolls of enchant armour
 e - 4 scrolls of magic mapping
 q - 6 scrolls of teleportation
 r - 3 scrolls of blinking
 x - 6 scrolls of amnesia {unknown}
 z - a scroll of random uselessness {unknown}
 H - 2 scrolls of immolation {unknown}
 L - a scroll of fear {unknown}
 S - a scroll of fog {unknown}
Potions
 d - a potion of lignification
 h - 2 potions of flight
 k - a potion of haste
 m - 8 potions of curing
 n - 2 potions of invisibility
 s - 3 potions of might
 w - a potion of resistance
 C - 4 potions of heal wounds {unknown}
 K - 2 potions of mutation {unknown}
 Q - a potion of berserk rage {unknown}
Miscellaneous
 Y - a condenser vane


   Skills:
 + Level 9.3 Fighting
 + Level 11.9 Long Blades
 + Level 6.5 Slings
 + Level 7.2 Armour
 + Level 6.8 Dodging
 - Level 0.3 Stealth
 + Level 3.6 Shields
 + Level 5.3 Invocations
 + Level 4.2 Evocations


You had 11 spell levels left.
You didn't know any spells.
Your spell library was empty.

Dungeon Overview and Level Annotations

Branches:
Dungeon (10/15)            Temple (0/1) D:6            Lair (0/6) D:10
    Orc (2/2) D:9             Elf (0/3) Orc:2        Bailey (visited)

Altars:
Ashenzari
Cheibriados
Fedhas
Kikubaaqudgha
Okawaru
Qazlal
Sif Muna
Wu Jian
Beogh

Shops:
Orc:2 }:[


Innate Abilities, Weirdness & Mutations

You have razor-sharp toenails.
You are mostly covered in slimy green scales. (AC +3)
A weak demonic guardian rushes to your aid.
When hurt, damage is shared between your health and your magic reserves.


Message History

The orc warlord hits you with a +3 great sword of draining!!
You feel drained.
The orc warrior hits you but does no damage.
You slash the orc warlord!
You kill the orc warlord!
Trog accepts your kill.
The orc warrior hits you with a +1 flail of holy wrath!
* * * LOW HITPOINT WARNING * * *
You convulse!!
* * * LOW HITPOINT WARNING * * *
Your life force feels restored.
You feel better.
The orc warrior no longer looks unusually strong.
The orc warrior hits you but does no damage.
You slash the orc warrior!
The orc warrior is moderately wounded.
The orc warrior hits you with a +1 flail of holy wrath!
* * * LOW HITPOINT WARNING * * *
You convulse!
You die...

..∩.. ..... ......
...... #.....#
...... #.....###
......#
#....).####.....####
#...))@).##8.8##....
##.....o..#...#.....
##..)..5...........
##.......(........
.###..)..8)8.....#
...###).)......# #
.....##.).(...##..
..........))......
##....)..8.8......


You could see an orc warrior and a friendly white imp (summoned).

Vanquished Creatures
  An orc warlord (Orc:2)
  4 two-headed ogres
  An orc high priest (Orc:2)
  3 orc knights
  3 orc sorcerers (Orc:2)
  An elephant (D:10)
  4 trolls
  Grinder (D:4)
  A yak (D:10)
  4 wargs
  Duvessa (D:6)
  2 sky beasts
  32 orc warriors
  An ice beast (D:8)
  2 black bears (D:10)
  2 eyes of draining
  7 ogres
  3 centaurs
  The ghost of Jerry the Slasher, an amateur DsGl (D:3)
  A phantom (D:7)
  Blork the orc (D:4)
  5 bullfrogs
  2 wyvern zombies
  2 scorpions
  Dowan (D:6)
  A killer bee (D:7)
  5 wights (D:10)
  A howler monkey (D:5)
  A quasit (D:10)
  2 bullfrog zombies
  7 hounds
  3 jellies
  Crazy Yiuf (D:2)
  15 orc priests
  A centaur skeleton (D:6)
  2 iguanas
  29 orc wizards
  A bullfrog skeleton (D:4)
  Ijyb (D:3)
  Jessica (D:2)
  10 worker ants
  A hound zombie (D:6)
  A hound skeleton (D:2)
  Robin (D:4)
  A howler monkey zombie (D:6)
  2 worker ant zombies
  A gnoll (Bailey)
  9 adders
  2 shadow imps (D:6)
  A white imp (D:8)
  4 ufetubi
  An ooze (D:3)
  An adder skeleton (D:9)
  4 dart slugs
  5 worms
  3 leopard geckos
  79 orcs
  2 ball pythons
  8 bats
  A bat zombie (D:2)
  5 giant cockroaches
  16 goblins
  13 hobgoblins
  4 jackals (D:1)
  5 quokkas
  6 frilled lizards
  A jackal zombie (D:8)
  24 kobolds
  A quokka skeleton (D:8)
  10 rats
  3 rat zombies (D:2)
382 creatures vanquished.

Vanquished Creatures (collateral kills)
  2 two-headed ogres (Orc:2)
  An orc knight (Orc:2)
  A warg (Orc:2)
  2 orc warriors
  2 ogres (Orc:2)
  A centaur (D:6)
  A scorpion (D:6)
  2 killer bees (D:7)
  2 orc priests (Orc:2)
  An orc wizard (D:3)
  9 orcs
  A goblin (D:4)
  A hobgoblin (D:3)
  2 rats (D:3)
28 creatures vanquished.

Grand Total: 410 creatures vanquished

Notes
Turn   | Place    | Note
-------+----------+-------------------------------------------
     0 | D:1      | Almogavar the Demonspawn Berserker began the quest for the
                  | Orb.
     0 | D:1      | Reached XP level 1. HP: 18/18 MP: 1/1
   438 | D:1      | Gained mutation: You have sharp toenails. [demonic
                  | ancestry]
   438 | D:1      | Reached XP level 2. HP: 24/24 MP: 2/2
   478 | D:1      | Reached skill level 3 in Long Blades
  1233 | D:2      | Gained mutation: A weak demonic guardian rushes to your
                  | aid. [demonic ancestry]
  1233 | D:2      | Reached XP level 3. HP: 26/29 MP: 3/3
  1369 | D:2      | Reached ** piety under Trog
  1761 | D:2      | Reached XP level 4. HP: 28/35 MP: 4/4
  2062 | D:2      | Found an ancient bone altar of Kikubaaqudgha.
  2091 | D:2      | Noticed Jessica
  2101 | D:2      | Killed Jessica
  2201 | D:2      | Reached skill level 4 in Long Blades
  2931 | D:2      | Found a runed translucent door.
  2932 | D:2      | Noticed Crazy Yiuf
  3089 | D:2      | Killed Crazy Yiuf
  3090 | D:2      | Reached XP level 5. HP: 22/42 MP: 5/5
  3318 | D:3      | Found a transporter.
  3320 | D:3      | Noticed Jerry's ghost (amateur DsGl)
  3326 | D:3      | Found a transporter.
  3378 | D:3      | Found a snail-covered altar of Cheibriados.
  3747 | D:3      | Found an iron altar of Okawaru.
  3756 | D:3      | Found a broken altar of Ashenzari.
  3760 | D:3      | Found an ornate altar of the Wu Jian Council.
  3822 | D:3      | Reached XP level 6. HP: 46/48 MP: 6/6
  3922 | D:3      | Reached *** piety under Trog
  3927 | D:3      | Noticed Ijyb
  3940 | D:3      | Killed Ijyb
  4228 | D:3      | Killed Jerry's ghost
  4229 | D:3      | Reached skill level 5 in Long Blades
  4387 | D:4      | Noticed Robin
  4387 | D:4      | Noticed Blork the orc
  4406 | D:4      | Killed Blork the orc
  4412 | D:4      | Killed Robin
  4529 | D:4      | Noticed Grinder
  4529 | D:4      | Paralysed by Grinder for 4 turns
  4539 | D:4      | Killed Grinder
  4540 | D:4      | Gained mutation: You are partially covered in slimy green
                  | scales. (AC +2) [demonic ancestry]
  4540 | D:4      | Reached XP level 7. HP: 55/55 MP: 7/7
  4750 | D:4      | Reached skill level 7 in Long Blades
  4750 | D:4      | Reached skill level 5 in Armour
  4750 | D:4      | Reached skill level 5 in Dodging
  4750 | D:4      | Reached skill level 5 in Invocations
  4750 | D:4      | Reached XP level 8. HP: 64/64 MP: 7/12
  5107 | D:5      | Entered Level 5 of the Dungeon
  5317 | D:5      | Found a shimmering blue altar of Sif Muna.
  6114 | D:6      | Reached **** piety under Trog
  6216 | D:6      | Noticed Dowan
  6238 | D:6      | Noticed Duvessa
  6240 | D:6      | Killed Dowan
  6258 | D:6      | Killed Duvessa
  6259 | D:6      | Gained mutation: You are mostly covered in slimy green
                  | scales. (AC +3) [demonic ancestry]
  6259 | D:6      | Reached XP level 9. HP: 19/71 MP: 13/13
  6594 | D:6      | Found a blossoming altar of Fedhas.
  6976 | D:6      | You fall into a shaft and drop 2 floors!
  7410 | D:8      | Reached skill level 8 in Long Blades
  7667 | D:7      | Found a stormy altar of Qazlal.
  7721 | D:7      | Found a flagged portal.
  7852 | Bailey   | Entered a bailey
  8365 | Bailey   | Reached ***** piety under Trog
  8369 | Bailey   | Identified the +12 plate armour of the Spider Nest {rCorr
                  | SInv}
  8871 | D:6      | Reached skill level 5 in Slings
  9096 | D:6      | Gained mutation: When hurt, damage is shared between your
                  | health and your magic reserves. [demonic ancestry]
  9096 | D:6      | Reached XP level 10. HP: 79/79 MP: 14/14
  9103 | D:6      | Found a staircase to the Ecumenical Temple.
  9350 | D:6      | Got an ichor-stained cloak
  9361 | D:6      | Identified the +1 cloak of the Bagpipe {-Tele rPois Will+
                  | Dex+4} (You found it on level 6 of the Dungeon)
 10718 | D:9      | Found a staircase to the Orcish Mines.
 10999 | D:10     | Entered Level 10 of the Dungeon
 11087 | D:10     | Found a staircase to the Lair.
 11087 | D:10     | Noticed an elephant
 11096 | D:10     | Killed an elephant
 11576 | D:10     | Received a gift from Trog
 11774 | D:10     | Reached skill level 9 in Long Blades
 11936 | D:10     | Noticed a two-headed ogre
 11947 | D:10     | Killed a two-headed ogre
 12506 | Orc:1    | Entered Level 1 of the Orcish Mines
 12506 | Orc:1    | Noticed a two-headed ogre
 12525 | D:9      | Killed a two-headed ogre
 13208 | Orc:1    | Gained mutation: You have razor-sharp toenails. [demonic
                  | ancestry]
 13208 | Orc:1    | Reached XP level 11. HP: 73/86 MP: 13/15
 13492 | Orc:1    | Noticed an orc knight
 13548 | D:9      | Killed an orc knight
 14072 | Orc:2    | Entered Level 2 of the Orcish Mines
 14074 | Orc:2    | Noticed a two-headed ogre
 14085 | Orc:2    | Killed a two-headed ogre
 14101 | Orc:2    | Noticed a two-headed ogre
 14190 | Orc:2    | Killed a two-headed ogre
 14191 | Orc:2    | Reached skill level 10 in Long Blades
 14815 | Orc:2    | Received a gift from Trog
 15192 | Orc:2    | Noticed an orc sorcerer
 15192 | Orc:2    | Noticed an orc sorcerer
 15200 | Orc:2    | Noticed a sun demon
 15202 | Orc:2    | Noticed a sun demon
 15216 | Orc:2    | Killed an orc sorcerer
 15240 | Orc:2    | Killed an orc sorcerer
 15543 | Orc:2    | Found a staircase to the Elven Halls.
 15795 | Orc:2    | Noticed an orc knight
 15797 | Orc:2    | Noticed a two-headed ogre
 15805 | Orc:2    | Killed an orc knight
 15805 | Orc:2    | Noticed an orc knight
 15808 | Orc:2    | Killed a two-headed ogre
 15816 | Orc:2    | Killed an orc knight
 15817 | Orc:2    | Reached skill level 11 in Long Blades
 16094 | Orc:2    | Found a roughly hewn altar of Beogh.
 16095 | Orc:2    | Found Wotiha's Book Emporium.
 16105 | Orc:2    | Found Dilaz's Gadget Shoppe.
 16202 | Orc:2    | Noticed a two-headed ogre
 16202 | Orc:2    | Noticed an orc sorcerer
 16202 | Orc:2    | Noticed an orc knight
 16212 | Orc:2    | Killed a two-headed ogre
 16213 | Orc:2    | Reached XP level 12. HP: 93/94 MP: 5/16
 16489 | Orc:2    | Noticed an orc high priest
 16508 | Orc:2    | Killed an orc high priest
 16509 | Orc:2    | Found Otwon's Antique Armour Emporium.
 16522 | Orc:2    | Noticed an orc warlord
 16537 | Orc:2    | Killed an orc warlord
 16537 | Orc:2    | HP: 1/89 [orc warrior/+1 flail of holy wrath[an orc
                  | warlord] (22)]
 16539 | Orc:2    | Mangled by an orc warrior

Illustrated notes

Levels and vault maps discovered:
D:1:      scummos_arrival_simple_fountains, layout_loops_cross,
          minmay_shallow_snake_nest
D:2:      layout_basic, lemuel_zombie_altar_kikubaaqudgha,
          kennysheep_jessica_study, uniq_crazy_yiuf_cottage
D:3:      layout_basic, grunt_temple_overflow_diamond, serial_glass,
          glass_columns_a, glass_columns_b, glass_columns_c,
          gammafunk_ghost_arena, cheibriados_altar_1, uniq_ijyb
D:4:      layout_basic, minmay_goblin_kobold_house, uniq_blork_the_orc,
          uniq_grinder, uniq_robin
D:5:      layout_layer_cave, led_sif_book, kennysheep_nondescript
D:6:      layout_loops_ring, minmay_temple_entry_enclosed_plants,
          fedhas_bush_and_centaur_altar, uniq_duvessa
D:7:      layout_basic, nicolae_qazlal_general_emergency, enter_bailey_8
D:8:      layout_basic
D:9:      layout_loops_ring, orc_0_dummy, lightli_fourway_metalbox
D:10:     layout_irregular_city, david_lair_generic
Orc:1:    layout_caves, serial_shops, shop, mines_bat_river
Orc:2:    pubby_orc_utopia

Skill      XL: |  1  2  3  4  5  6  7  8  9 10 11 12 |
---------------+-------------------------------------+-----
Long Blades    | 3 4 5 7 8 9 11 | 11.9
Dodging        | 2 3 5 6 |  6.8
Armour         | 2 3 5 6 7 |  7.2
Fighting       | 4 6 7 8 9 |  9.3
Slings         | 3 4 5 6 |  6.5
Shields        | 3 |  3.6
Invocations    | 5 |  5.3
Evocations     | 4 |  4.2
Stealth        | |  0.3

Action                   |  1- 3 |  4- 6 |  7- 9 | 10-12 || total
-------------------------+-------+-------+-------+-------++-------
Melee: Falchion          |    79 |   152 |   271 |   219 ||   721
       Kick              |    16 |    57 |   154 |    76 ||   303
       Great sword       |       |       |       |    83 ||    83
       Demon blade       |       |       |       |   213 ||   213
 Fire: Hunting sling     |       |       |   109 |    92 ||   201
Invok: Berserk           |     1 |     6 |     2 |     9 ||    18
       Trog's Hand       |       |     3 |     1 |     9 ||    13
       Brothers in Arms  |       |       |       |     1 ||     1
Evoke: Wand              |       |       |       |     6 ||     6
  Use: Scroll            |     6 |     4 |     6 |     8 ||    24
       Potion            |       |     1 |     3 |     1 ||     5
 Stab: Sleeping          |     1 |       |     1 |     3 ||     5
       Distracted        |       |       |     3 |     3 ||     6
Armor: Animal skin       |    12 |       |       |       ||    12
       Leather armour    |    11 |    29 |    91 |    63 ||   194
       Chain mail        |       |       |       |   139 ||   139
Dodge: Dodged            |    64 |    84 |   262 |   440 ||   850
       Rpst.: Falchion   |    20 |    33 |    53 |    48 ||   154
       Great sword       |       |       |       |    24 ||    24
       Demon blade       |       |       |       |    28 ||    28
